TOP OF THE 1ST |
Winston-Salem Dash batting - Pitching for Richmond Flying Squirrels : RHP John Bittinger
|
Pitching: RHP John Bittinger
|
|
Batting: RHB Jeremy Hoffert
|
0-0: Ball 1-0: Ball 2-0: SINGLE (Line Drive, 9S, EV 106.2 MPH)
|
Batting: LHB Larry Myers
|
0-0: Ball 1-0: Ball Jeremy Hoffert steals 2nd base 2-0: Swinging Strike 2-1: Swinging Strike 2-2: Foul Ball, location: 2F 2-2: DOUBLE (Line Drive, 9LS, EV 100.6 MPH) Jeremy Hoffert scores
|
Batting: SHB Alfie Bungledorf
|
0-0: Ball 1-0: Ball 2-0: Foul Ball, location: 2F 2-1: SINGLE (Groundball, 4D, EV 101.2 MPH) Larry Myers to third
|
Batting: LHB Josh Pittman
|
0-0: Called Strike 0-1: SINGLE (Groundball, 34S, EV 82.5 MPH) (infield hit) Larry Myers scores Alfie Bungledorf to second
|
Batting: RHB Micah Brown
|
0-0: Ball 1-0: Foul Ball, location: 2F 1-1: Fielders Choice at 2nd, 3-6 (Groundball, 3, EV 82.5 MPH) Alfie Bungledorf to third
|
Batting: RHB Mike Warzecha
|
0-0: Called Strike 0-1: Ball 1-1: Ball 2-1: DOUBLE (Line Drive, 7LM, EV 106.9 MPH) Alfie Bungledorf scores Micah Brown to third
|
Batting: LHB Joe Kirkland
|
0-0: Ground out 4-3 (Groundball, 4M, EV 81.2 MPH) Micah Brown scores Mike Warzecha to third
|
Batting: RHB Tatsunori Hayakawa
|
0-0: Ball 1-0: Ball 2-0: Called Strike 2-1: Ground out 1-3 (Groundball, 15S, EV 72.5 MPH)
|
Top of the 1st over - 4 runs, 5 hits, 0 errors, 1 left on base; Winston-Salem 4 - Richmond 0 |
BOTTOM OF THE 1ST |
Richmond Flying Squirrels batting - Pitching for Winston-Salem Dash : LHP Mark Sharrett
|
Pitching: LHP Mark Sharrett
|
|
Batting: SHB David Barona
|
0-0: Called Strike 0-1: Foul Ball, location: 2F 0-2: Ball 1-2: Ball 2-2: Foul Ball, location: 2F 2-2: Ball 3-2: Base on Balls
|
Batting: LHB Gil Caraveo
|
0-0: Fielders Choice at 2nd, 4-6 (Groundball, 34S, EV 77.5 MPH)
|
Batting: RHB Adam Solesbee
|
0-0: Called Strike 0-1: Ball Gil Caraveo is caught stealing 2nd base 2-4 1-1: Called Strike 1-2: Strikes out looking
|
Bottom of the 1st over - 0 runs, 0 hits, 0 errors, 0 left on base; Winston-Salem 4 - Richmond 0 |
TOP OF THE 2ND |
Winston-Salem Dash batting - Pitching for Richmond Flying Squirrels : RHP John Bittinger
|
Batting: SHB Josh Conner
|
0-0: Ball 1-0: Called Strike 1-1: Foul Ball, location: 2F 1-2: Ground out 4-3 (Groundball, 4, EV 93.1 MPH)
|
Batting: RHB Jeremy Hoffert
|
0-0: Ball 1-0: Foul Ball, location: 2F 1-1: Ball 2-1: SINGLE (Groundball, 56S, EV 72.5 MPH) (infield hit)
|
Batting: LHB Larry Myers
|
0-0: Called Strike Jeremy Hoffert steals 2nd, throwing error, E2 Jeremy Hoffert to third 0-1: Foul Ball, location: 2F 0-2: Ball 1-2: Fly out, F8 (Flyball, 78D, EV 78.1 MPH) Runner from 3rd tags up, SCORES, throw by CF
|
Batting: SHB Alfie Bungledorf
|
0-0: Ball 1-0: Ball 2-0: Called Strike 2-1: Swinging Strike 2-2: Foul Ball, location: 2F 2-2: Strikes out swinging
|
Top of the 2nd over - 1 run, 1 hit, 1 error, 0 left on base; Winston-Salem 5 - Richmond 0 |
BOTTOM OF THE 2ND |
Richmond Flying Squirrels batting - Pitching for Winston-Salem Dash : LHP Mark Sharrett
|
Batting: RHB Omar Jordan
|
0-0: Ball 1-0: Called Strike 1-1: Foul Ball, location: 2F 1-2: Fly out, F3 (Popup, 23F, EV 81.9 MPH)
|
Batting: LHB Gabe Velez
|
0-0: Called Strike 0-1: Called Strike 0-2: Ball 1-2: Ball 2-2: Strikes out swinging
|
Batting: RHB Matt Shepard
|
0-0: Called Strike 0-1: Ball 1-1: Foul Ball, location: 2F 1-2: Foul Ball, location: 2F 1-2: Ball 2-2: Ball 3-2: Foul Ball, location: 2F 3-2: Foul Ball, location: 2F 3-2: Ground out 3-1 (Groundball, 34, EV 86.2 MPH)
|
Bottom of the 2nd over - 0 runs, 0 hits, 0 errors, 0 left on base; Winston-Salem 5 - Richmond 0 |
TOP OF THE 3RD |
Winston-Salem Dash batting - Pitching for Richmond Flying Squirrels : RHP John Bittinger
|
Batting: LHB Josh Pittman
|
0-0: Ground out 6-3 (Groundball, 6, EV 82.5 MPH)
|
Batting: RHB Micah Brown
|
0-0: Called Strike 0-1: Ball 1-1: Fly out, F9 (Line Drive, 89D, EV 96.9 MPH)
|
Batting: RHB Mike Warzecha
|
0-0: Ball 1-0: Fly out, F8 (Flyball, 89D, EV 95.6 MPH)
|
Top of the 3rd over - 0 runs, 0 hits, 0 errors, 0 left on base; Winston-Salem 5 - Richmond 0 |
BOTTOM OF THE 3RD |
Richmond Flying Squirrels batting - Pitching for Winston-Salem Dash : LHP Mark Sharrett
|
Batting: RHB Ian Richardson
|
0-0: Called Strike 0-1: Swinging Strike 0-2: Ball 1-2: Foul Ball, location: 2F 1-2: Strikes out swinging
|
Batting: RHB Bob Schweiger
|
0-0: Called Strike 0-1: Swinging Strike 0-2: Strikes out looking
|
Batting: LHB James Wheaton
|
0-0: Called Strike 0-1: Foul Ball, location: 2F 0-2: Strikes out swinging
|
Bottom of the 3rd over - 0 runs, 0 hits, 0 errors, 0 left on base; Winston-Salem 5 - Richmond 0 |
TOP OF THE 4TH |
Winston-Salem Dash batting - Pitching for Richmond Flying Squirrels : RHP John Bittinger
|
Batting: LHB Joe Kirkland
|
0-0: Ball 1-0: Ball 2-0: Swinging Strike 2-1: Ball 3-1: Foul Ball, location: 2F 3-2: Foul Ball, location: 2F 3-2: DOUBLE (Flyball, 8RXD, EV 101.2 MPH)
|
Pitching: RHP Ricky Fo
|
|
Batting: RHB Tatsunori Hayakawa
|
0-0: Ball 1-0: Ball 2-0: Ball 3-0: Called Strike 3-1: Ground out 4-3 (Groundball, 4M, EV 85.6 MPH) Joe Kirkland to third
|
Batting: SHB Josh Conner
|
0-0: Swinging Strike 0-1: Ball 1-1: Ground out 5-3 (Groundball, 5, EV 96.2 MPH)
|
Batting: RHB Jeremy Hoffert
|
0-0: Foul Ball, location: 2F 0-1: Ball 1-1: SINGLE (Groundball, 5D, EV 100.0 MPH) Joe Kirkland scores
|
Batting: LHB Larry Myers
|
0-0: Called Strike Jeremy Hoffert steals 2nd base 0-1: Foul Ball, location: 2F 0-2: Ball 1-2: Fly out, F5 (Popup, 5F, EV 58.8 MPH)
|
Top of the 4th over - 1 run, 2 hits, 0 errors, 1 left on base; Winston-Salem 6 - Richmond 0 |
BOTTOM OF THE 4TH |
Richmond Flying Squirrels batting - Pitching for Winston-Salem Dash : LHP Mark Sharrett
|
Batting: SHB David Barona
|
0-0: Foul Ball, location: 2F 0-1: Fly out, F8 (Line Drive, 8LM, EV 86.9 MPH)
|
Batting: LHB Gil Caraveo
|
0-0: Ball 1-0: Ball 2-0: Ground out 4-3 (Groundball, 4, EV 89.4 MPH)
|
Batting: RHB Adam Solesbee
|
0-0: Ball 1-0: Foul Ball, location: 2F 1-1: Foul Ball, location: 2F 1-2: Strikes out swinging
|
Bottom of the 4th over - 0 runs, 0 hits, 0 errors, 0 left on base; Winston-Salem 6 - Richmond 0 |
TOP OF THE 5TH |
Winston-Salem Dash batting - Pitching for Richmond Flying Squirrels : RHP Ricky Fo
|
Batting: SHB Alfie Bungledorf
|
0-0: Ball 1-0: Ball 2-0: Swinging Strike 2-1: Called Strike 2-2: Ball 3-2: Foul Ball, location: 2F 3-2: Strikes out swinging
|
Batting: LHB Josh Pittman
|
0-0: SOLO HOME RUN (Flyball, 7D, EV 98.8 MPH), Distance : 374 ft
|
Batting: RHB Micah Brown
|
0-0: Ball 1-0: Swinging Strike 1-1: Ball 2-1: TRIPLE (Flyball, 9LD, EV 101.2 MPH)
|
Batting: RHB Mike Warzecha
|
0-0: Ball 1-0: Ball 2-0: Called Strike 2-1: Ball 3-1: Ground out 5-3 (Groundball, 56, EV 81.9 MPH) Micah Brown scores
|
Batting: LHB Joe Kirkland
|
0-0: Called Strike 0-1: Foul Ball, location: 2F 0-2: Ball 1-2: DOUBLE (Line Drive, 7LM, EV 101.9 MPH)
|
Batting: RHB Tatsunori Hayakawa
|
0-0: Foul Ball, location: 2F 0-1: Called Strike 0-2: Fly out, F9 (Line Drive, 89D, EV 94.4 MPH)
|
Top of the 5th over - 2 runs, 3 hits, 0 errors, 1 left on base; Winston-Salem 8 - Richmond 0 |
BOTTOM OF THE 5TH |
Richmond Flying Squirrels batting - Pitching for Winston-Salem Dash : LHP Mark Sharrett
|
Batting: RHB Omar Jordan
|
0-0: Called Strike 0-1: Foul Ball, location: 2F 0-2: Ball 1-2: Strikes out swinging
|
Batting: LHB Gabe Velez
|
0-0: Ball 1-0: Ball 2-0: Ball 3-0: Called Strike 3-1: Fly out, F8 (Flyball, 8LM, EV 93.1 MPH)
|
Batting: RHB Matt Shepard
|
0-0: Ball 1-0: Foul Ball, location: 2F 1-1: Swinging Strike 1-2: Ball 2-2: Ground out 3-1 (Groundball, 34S, EV 84.4 MPH)
|
Bottom of the 5th over - 0 runs, 0 hits, 0 errors, 0 left on base; Winston-Salem 8 - Richmond 0 |
TOP OF THE 6TH |
Winston-Salem Dash batting - Pitching for Richmond Flying Squirrels : RHP Ricky Fo
|
Batting: SHB Josh Conner
|
0-0: Ball 1-0: Called Strike 1-1: Swinging Strike 1-2: Ball 2-2: Ball 3-2: Strikes out swinging
|
Batting: RHB Jeremy Hoffert
|
0-0: Ball 1-0: Called Strike 1-1: Ball 2-1: Foul Ball, location: 2F 2-2: Ball 3-2: Foul Ball, location: 2F 3-2: Base on Balls
|
Pitching: RHP Mike Flynn
|
|
Batting: LHB Larry Myers
|
0-0: Called Strike 0-1: Ball 1-1: Ball 2-1: Foul Ball, location: 2F 2-2: Ball 3-2: Base on Balls Jeremy Hoffert to second
|
Batting: SHB Alfie Bungledorf
|
0-0: Ball 1-0: Fielders Choice at 2nd, 6-4 (Groundball, 6S, EV 87.5 MPH) Jeremy Hoffert to third
|
Batting: LHB Josh Pittman
|
0-0: Called Strike 0-1: Swinging Strike 0-2: Foul Ball, location: 2F 0-2: Foul Ball, location: 2F 0-2: Ball 1-2: Ball 2-2: Strikes out swinging
|
Top of the 6th over - 0 runs, 0 hits, 0 errors, 2 left on base; Winston-Salem 8 - Richmond 0 |
BOTTOM OF THE 6TH |
Richmond Flying Squirrels batting - Pitching for Winston-Salem Dash : LHP Mark Sharrett
|
Batting: RHB Ian Richardson
|
0-0: Ball 1-0: Ball 2-0: Ground out 4-3 (Groundball, 34, EV 83.8 MPH)
|
Batting: RHB Bob Schweiger
|
0-0: Ball 1-0: Ball 2-0: Swinging Strike 2-1: Ground out 1-3 (Groundball, 15S, EV 75.0 MPH)
|
Batting: LHB James Wheaton
|
0-0: Ball 1-0: Ground out 4-3 (Groundball, 4, EV 82.5 MPH)
|
Bottom of the 6th over - 0 runs, 0 hits, 0 errors, 0 left on base; Winston-Salem 8 - Richmond 0 |
TOP OF THE 7TH |
Winston-Salem Dash batting - Pitching for Richmond Flying Squirrels : RHP Mike Flynn
|
Batting: RHB Micah Brown
|
0-0: Ground out 5-3 (Groundball, 56, EV 77.5 MPH)
|
Pinch Hitting: SHB Harrison McLaughlin
|
0-0: Foul Ball, location: 2F 0-1: Ball 1-1: Ball 2-1: Ball 3-1: Called Strike 3-2: Fly out, F6 (Popup, 6M, EV 73.1 MPH)
|
Pinch Hitting: LHB Andy Sanchez
|
0-0: Ball 1-0: Swinging Strike 1-1: Called Strike 1-2: Strikes out swinging
|
Top of the 7th over - 0 runs, 0 hits, 0 errors, 0 left on base; Winston-Salem 8 - Richmond 0 |
BOTTOM OF THE 7TH |
Richmond Flying Squirrels batting - Pitching for Winston-Salem Dash : LHP Mark Sharrett
|
Now at 1B: Justin Slifka
|
|
Now in RF: Harrison McLaughlin
|
|
Batting: SHB David Barona
|
0-0: Ball 1-0: Swinging Strike 1-1: Foul Ball, location: 2F 1-2: Strikes out looking
|
Batting: LHB Gil Caraveo
|
0-0: Ball 1-0: Foul Ball, location: 2F 1-1: Ground out 4-3 (Groundball, 4S, EV 84.4 MPH)
|
Batting: RHB Adam Solesbee
|
0-0: Ball 1-0: Called Strike 1-1: Swinging Strike 1-2: Ball 2-2: Strikes out looking
|
Bottom of the 7th over - 0 runs, 0 hits, 0 errors, 0 left on base; Winston-Salem 8 - Richmond 0 |
TOP OF THE 8TH |
Winston-Salem Dash batting - Pitching for Richmond Flying Squirrels : RHP Mike Flynn
|
Pinch Hitting: RHB Nate Burkhalter
|
0-0: Called Strike 0-1: Ball 1-1: Foul Ball, location: 2F 1-2: Strikes out swinging
|
Pitching: RHP Kevin Spencer
|
|
Batting: SHB Josh Conner
|
0-0: Foul Ball, location: 2F 0-1: Foul Ball, location: 2F 0-2: Ball 1-2: Foul Ball, location: 2F 1-2: Ball 2-2: Ground out U3 (Groundball, 3S, EV 87.5 MPH)
|
Batting: RHB Jeremy Hoffert
|
0-0: Ball 1-0: Ball 2-0: Called Strike 2-1: SINGLE (Line Drive, 5D, EV 94.4 MPH)
|
Batting: LHB Larry Myers
|
0-0: Called Strike 0-1: Foul Ball, location: 2F 0-2: SINGLE (Line Drive, 8LS, EV 90.0 MPH) Jeremy Hoffert to second Runner from 2nd tries for 3rd, SAFE, throw by CF made to third
|
Batting: SHB Alfie Bungledorf
|
0-0: Ball 1-0: Fly out, F9 (Flyball, 89M, EV 80.6 MPH)
|
Top of the 8th over - 0 runs, 2 hits, 0 errors, 2 left on base; Winston-Salem 8 - Richmond 0 |
BOTTOM OF THE 8TH |
Richmond Flying Squirrels batting - Pitching for Winston-Salem Dash : LHP Mark Sharrett
|
Now at 2B: Josh Conner
|
|
Now at 3B: Nate Burkhalter
|
|
Batting: RHB Omar Jordan
|
0-0: Foul Ball, location: 2F 0-1: Ball 1-1: Ball 2-1: Ground out 6-3 (Groundball, 6, EV 80.0 MPH)
|
Pinch Hitting: RHB Jonathan Reece
|
0-0: Ball 1-0: Ball 2-0: Called Strike 2-1: Ground out 5-3 (Groundball, 56S, EV 80.0 MPH)
|
Batting: RHB Matt Shepard
|
0-0: Ball 1-0: Foul Ball, location: 2F 1-1: Ground out 5-3 (Groundball, 56, EV 83.1 MPH)
|
Bottom of the 8th over - 0 runs, 0 hits, 0 errors, 0 left on base; Winston-Salem 8 - Richmond 0 |
TOP OF THE 9TH |
Winston-Salem Dash batting - Pitching for Richmond Flying Squirrels : RHP Kevin Spencer
|
Now in RF: Jonathan Reece
|
|
Batting: LHB Josh Pittman
|
0-0: Foul Ball, location: 2F 0-1: Swinging Strike 0-2: Strikes out swinging
|
Pinch Hitting: RHB Mike Koch
|
0-0: Called Strike 0-1: SINGLE (Line Drive, 5D, EV 98.8 MPH)
|
Batting: SHB Harrison McLaughlin
|
0-0: Ball 1-0: Ball 2-0: Ball 3-0: Called Strike 3-1: Called Strike 3-2: Strikes out swinging
|
Batting: RHB Justin Slifka
|
0-0: Foul Ball, location: 2F 0-1: Ball Wild Pitch! Mike Koch to second 1-1: Ball 2-1: Swinging Strike 2-2: Ball 3-2: Foul Ball, location: 2F 3-2: Base on Balls
|
Batting: RHB Nate Burkhalter
|
0-0: Called Strike 0-1: Ball 1-1: Swinging Strike 1-2: Ground out U3 (Groundball, 34S, EV 93.1 MPH)
|
Top of the 9th over - 0 runs, 1 hit, 0 errors, 2 left on base; Winston-Salem 8 - Richmond 0 |
BOTTOM OF THE 9TH |
Richmond Flying Squirrels batting - Pitching for Winston-Salem Dash : LHP Mark Sharrett
|
Now at C: Mike Koch
|
|
Batting: RHB Ian Richardson
|
0-0: Ball 1-0: DOUBLE (Groundball, 5L, EV 101.2 MPH)
|
Pitching: RHP Matt Christensen
|
|
Pinch Hitting: RHB Ed Broomhead
|
0-0: Called Strike 0-1: Ground out 6-3 (Groundball, 6, EV 105.0 MPH)
|
Pitching: LHP Bobby Martin
|
|
Pinch Hitting: RHB Justin Baldwin
|
0-0: Ball 1-0: Fly out, F6 (Line Drive, 56D, EV 61.9 MPH)
|
Batting: SHB David Barona
|
0-0: Ball 1-0: Swinging Strike 1-1: Ball 2-1: Foul Ball, location: 2F 2-2: Ball 3-2: 2-RUN HOME RUN (Flyball, 7D, EV 101.2 MPH), Distance : 379 ft
|
Batting: LHB Gil Caraveo
|
0-0: Called Strike 0-1: Called Strike 0-2: Strikes out swinging
|
Bottom of the 9th over - 2 runs, 2 hits, 0 errors, 0 left on base; Winston-Salem 8 - Richmond 2 |
|